 Dungeon Crawl Stone Soup version 0.31-a0-229-g1fc7ce93e2 (webtiles) character file.

Game seed: 538327236040083025

215 qw the Shooter (level 5, -1/30 HPs)
             Began as a Gargoyle Hexslinger on July 6, 2023.
             Slain by Menkaure (16 damage)
             ... on level 4 of the Dungeon.
             The game lasted 00:01:01 (2565 turns).

qw the Shooter (Gargoyle Hexslinger)                Turns: 2565, Time: 00:01:02

Health: -1/30      AC:  9    Str: 12    XL:     5   Next: 92%
Magic:  6/6        EV: 10    Int: 13    God:
Gold:   168        SH:  0    Dex: 14    Spells: 5/6 levels left

rFire   . . .        Y - +1 sling
rCold   . . .        (no shield)
rNeg    + + .        e - +0 ring mail
rPois   inf          (no helmet)
rElec   +            (no cloak)
rCorr   .            (no gloves)
SInv    .            (no boots)
Will    .....        (no amulet)
Stlth   +            a - ring of positive energy
HPRegen 0.25/turn    (no ring)
MPRegen 0.10/turn

%: no passive effects
@: no status effects
A: sickness immunity, AC +4, negative energy resistance 1, electricity
resistance, torment resistance 1, petrification resistance
a: no special abilities


You were on level 4 of the Dungeon.
You visited 1 branch of the dungeon, and saw 4 of its levels.

You collected 168 gold pieces.


Innate Abilities, Weirdness & Mutations

You are immune to sickness and miasma.
Your stone body is resilient. (AC +4)
You are immune to poison.
You resist negative energy. (rN+)
You are resistant to electric shocks. (rElec)
You are resistant to unholy torment.
You are immune to petrification.


   Skills:
 + Level 2.0 Fighting
 - Level 5.4 Ranged Weapons
 - Level 1.5 Armour
 - Level 1.5 Dodging
 - Level 1.0 Spellcasting
 - Level 2.6 Hexes


You had 5 spell levels left.
You knew the following spells:

 Your Spells              Type           Power      Damage    Failure   Level
a - Slow                  Hex            28%        N/A       21%         1

Your spell library contained the following spells:

 Spells                   Type           Power      Damage    Failure   Level
 Inner Flame              Hex/Fire       4%         N/A       71%         3
 Portal Projectile        Hex/Tloc       8%         N/A       71%         3
 Cause Fear               Hex            3%         N/A       90%         4

Inventory:

Hand Weapons
 Y - a +1 sling (weapon)
Armour
 e - a +0 ring mail (worn)
Jewellery
 a - a ring of positive energy (left hand)
Scrolls
 f - a scroll of enchant armour {unknown}
Potions
 b - a potion of cancellation {unknown}
 c - a potion of ambrosia {unknown}
 d - a potion of curing
 g - a potion of enlightenment {unknown}
 h - 2 potions of heal wounds

Dungeon Overview and Level Annotations

Branches:
Dungeon (4/15)
 Temple: D:4-7

Altars:
Cheibriados
Vehumet
Wu Jian

Annotations:
D:4 Menkaure


Message History

The scorpion stings you but does no damage.
The white imp hits you but does no damage.
You shoot a sling bullet.
The sling bullet barely misses the scorpion.
The sling bullet hits Menkaure!
Menkaure is moderately damaged.
The scorpion closely misses you.
The white imp hits you but does no damage.
Menkaure gestures wildly while chanting.
Menkaure seems to speed up.
The scorpion completely misses you.
You shoot a sling bullet. The sling bullet hits the scorpion.
You kill the scorpion!
The white imp hits you but does no damage.
Menkaure hits you. The white imp gestures at you. The puff of frost misses you.
Your Ranged Weapons skill increases to level 5!
You shoot a sling bullet.
The sling bullet barely misses Menkaure.
Menkaure hits you.
The white imp shouts, "Take thy face hence, thou fulsome moldwarp fleecer!"
The white imp closely misses you. Menkaure barely misses you.
You shoot a sling bullet.
The sling bullet hits Menkaure but does no damage.
Menkaure is moderately damaged.
The white imp closely misses you.
Menkaure calls on the powers of darkness!
Your body is wracked with pain!
You shoot a sling bullet. The sling bullet hits Menkaure.
Menkaure is heavily damaged.
Menkaure calls on the powers of darkness!
Your body is wracked with pain!
The white imp hits you but does no damage.
Menkaure closely misses you.
You shoot a sling bullet.
The sling bullet hits Menkaure but does no damage.
Menkaure is heavily damaged.
The white imp closely misses you. Menkaure hits you!
Ouch! That really hurt!
You die...

...$... .....).
......M ....... #
.(..... .# .......
###.#
.......##.~~~##
.......M@~~~~~## #.#
#######5.~~%~~_# #.#
##.~~~~~## #.#
###..~~~## #.#
#...##### #.# #%###
#.####
#.#############.##..
#.............).##.#
###############.##.#


You could see Menkaure (fast) and a white imp.

Vanquished Creatures
  A scorpion (D:4)
  An orc priest (D:3)
  An iguana (D:3)
  An orc wizard (D:3)
  An adder (D:3)
  A worm (D:2)
  3 dart slugs
  5 orcs
  6 ball pythons
  4 endoplasms
  5 giant cockroaches
  4 goblins
  2 hobgoblins
  3 jackals (D:1)
  2 kobolds (D:3)
  A quokka (D:2)
  7 bats
  5 frilled lizards
  6 rats
59 creatures vanquished.

Notes
Turn   | Place    | Note
-------+----------+-------------------------------------------
     0 | D:1      | qw the Gargoyle Hexslinger began the quest for the Orb.
     0 | D:1      | Reached XP level 1. HP: 12/12 MP: 2/2
     0 | D:1      | 0 ||| qw: Version: 0.3-a-46-gb1f654a
     0 | D:1      | 0 ||| qw: Game counter: 1336
     0 | D:1      | 0 ||| qw: Melee chars always use a shield: true
     0 | D:1      | 0 ||| qw: God list: Okawaru
     0 | D:1      | 0 ||| qw: Allow faded altars: false
     0 | D:1      | 0 ||| qw: Do Orc after clearing Dungeon:15 true
     0 | D:1      | 0 ||| qw: Do second Lair branch before Depths: true
     0 | D:1      | 0 ||| qw: Lair rune preference: random
     0 | D:1      | 0 ||| qw: Goals: Normal
     0 | D:1      | 0 ||| PLANNING D:1-11
   225 | D:1      | Reached XP level 2. HP: 14/16 MP: 3/3
   433 | D:1      | Reached skill level 3 in Ranged Weapons
   648 | D:1      | 648 ||| READING scroll labelled SEMERU GUAR.
   649 | D:1      | 649 ||| DRINKING 2 fizzy red potions.
   650 | D:1      | 650 ||| DRINKING 3 lumpy sapphire potions.
   651 | D:1      | 651 ||| DRINKING 2 sedimented puce potions.
   652 | D:1      | 652 ||| DROPPING scroll of poison.
   653 | D:1      | 653 ||| DROPPING 2 potions of brilliance.
   724 | D:2      | Noticed a floating eye
   727 | D:2      | Noticed an eye of devastation
   729 | D:2      | Found a faded altar of an unknown god.
   731 | D:2      | Noticed a great orb of eyes
   731 | D:2      | Noticed a floating eye
   736 | D:2      | Reached XP level 3. HP: 21/21 MP: 4/4
   782 | D:2      | You fall into a shaft and drop 1 floor!
   883 | D:3      | 883 ||| READING scroll labelled ZUUCATU CEGUG.
  1325 | D:2      | 1325 ||| UPGRADING to +0 ring mail.
  1336 | D:2      | 1336 ||| DROPPING +0 robe.
  1338 | D:2      | 1338 ||| READING scroll labelled MIOGOU ARAIRI.
  1750 | D:3      | Found a radiant altar of Vehumet.
  1795 | D:3      | Reached XP level 4. HP: 25/26 MP: 5/5
  1809 | D:3      | Reached skill level 4 in Ranged Weapons
  1813 | D:3      | Reached skill level 1 in Armour
  1817 | D:3      | Reached XP level 5. HP: 12/30 MP: 6/6
  2332 | D:3      | Found an ornate altar of the Wu Jian Council.
  2449 | D:3      | 2449 ||| UPGRADING to ring of positive energy.
  2450 | D:3      | 2450 ||| READING scroll labelled KUULEUSISI.
  2508 | D:4      | 2508 ||| Stepping ~*~*~tactically~*~*~ (outnumbered).
  2514 | D:4      | 2514 ||| FLEEEEING.
  2541 | D:4      | Found a snail-covered altar of Cheibriados.
  2549 | D:4      | Noticed Menkaure
  2550 | D:4      | 2550 ||| Stepping ~*~*~tactically~*~*~ (outnumbered).
  2552 | D:4      | 2552 ||| Stepping ~*~*~tactically~*~*~ (outnumbered).
  2554 | D:4      | 2554 ||| Stepping ~*~*~tactically~*~*~ (outnumbered).
  2562 | D:4      | Reached skill level 5 in Ranged Weapons
  2565 | D:4      | Slain by Menkaure

Levels and vault maps discovered:
D:1:      psy_arrival_statuary, layout_basic
D:2:      layout_basic, hellmonk_ecumenical_altar_watching_god,
          minmay_misc_feat_tower, kennysheep_generic_room_6
D:3:      layout_loops_ring, nzn_wu_jian_contemplation, vehumet_altar_wand_db
D:4:      layout_basic, kennysheep_slug_shrine, uniq_menkaure

Skill      XL: |  1  2  3  4  5 |
---------------+----------------+-----
Ranged Weapons | 3 4 5 |  5.4
Fighting       | 2 |  2.0
Armour         | 1 |  1.5
Dodging        | |  1.5
Spellcasting   | |  1.0
Hexes          | |  2.6

Action                     |  1- 3 |  4- 6 || total
---------------------------+-------+-------++-------
   Fire: Sling             |   146 |    87 ||   233
    Use: Potion            |     3 |       ||     3
         Scroll            |     3 |     1 ||     4
 Armour: Robe              |    16 |       ||    16
         Ring mail         |    13 |    25 ||    38
  Dodge: Dodged            |    57 |    30 ||    87

Table legend:
 A = Non-vault XP
 B = Vault XP
 C = Vault XP percentage of total XP
 D = Non-vault monster count
 E = Vault monster count
 F = Vault count percentage of total count
                 A         B        C        D         E       F
            +---------+---------+-------+---------+---------+-------
      Total |     300 |       8 |   2.6 |      55 |       4 |   6.8
            +---------+---------+-------+---------+---------+-------
        D:1 |      31 |       0 |   0.0 |      19 |       0 |   0.0
        D:2 |      21 |       3 |  12.5 |      10 |       2 |  16.7
        D:3 |     158 |       1 |   0.6 |      22 |       1 |   4.3
        D:4 |      90 |       4 |   4.3 |       4 |       1 |  20.0
            +---------+---------+-------+---------+---------+-------
